EL
READING FIGHTIN PHILS @ SAN JOSE GIANTS
09/20/2044
 
TOP OF THE 1ST
Reading Fightin Phils batting - Pitching for San Jose Giants : RHP Evan Boy
Pitching: RHP Evan Boy
Batting: RHB Fletcher Easter 0-0: Ball
1-0: Ground out 5-3 (Groundball, 5S, EV 84.4 MPH)
Batting: LHB Danny Hill 0-0: Foul Ball, location: 2F
0-1: Ball
1-1: Ball
2-1: Ground out 4-3 (Groundball, 4, EV 95.0 MPH)
Batting: SHB Lance Franklin 0-0: Ball
1-0: Ball
2-0: Ball
3-0: Called Strike
3-1: Fly out, F8 (Flyball, 78S, EV 92.5 MPH)
Top of the 1st over - 0 runs, 0 hits, 0 errors, 0 left on base; Reading 0 - San Jose 0
BOTTOM OF THE 1ST
San Jose Giants batting - Pitching for Reading Fightin Phils : RHP Ben Bosley
Pitching: RHP Ben Bosley
Batting: RHB Tyler Mapes 0-0: Foul Ball, location: 2F
0-1: Ball
1-1: Called Strike
1-2: Foul Ball, location: 2F
1-2: Strikes out swinging
Batting: RHB Jack Toole 0-0: Called Strike
0-1: Called Strike
0-2: Ball
1-2: Foul Ball, location: 2F
1-2: Ball
2-2: Ball
3-2: Strikes out swinging
Batting: LHB Carey Horncole 0-0: Called Strike
0-1: Ball
1-1: Foul Ball, location: 2F
1-2: Ball
2-2: Foul Ball, location: 2F
2-2: Ball
3-2: Base on Balls
Batting: LHB Tony Galvan 0-0: Ball
1-0: Called Strike
1-1: Ball
2-1: TRIPLE (Flyball, 89XD, EV 113.8 MPH)
Carey Horncole scores
Batting: RHB Yutaka Oki 0-0: Ball
1-0: Swinging Strike
1-1: Ground out 6-3 (Groundball, 6, EV 85.6 MPH)
Bottom of the 1st over - 1 run, 1 hit, 0 errors, 1 left on base; Reading 0 - San Jose 1
TOP OF THE 2ND
Reading Fightin Phils batting - Pitching for San Jose Giants : RHP Evan Boy
Batting: RHB Kory Sanchez 0-0: Called Strike
0-1: Ball
1-1: Called Strike
1-2: Ball
2-2: Foul Ball, location: 2F
2-2: Strikes out swinging
Batting: LHB Chris Fandino 0-0: Foul Ball, location: 2F
0-1: Hit by Pitch
Batting: RHB Austin Wiebe 0-0: Called Strike
0-1: Fly out, F9 (Flyball, 89D, EV 104.4 MPH)
Batting: LHB Michael Tuttle 0-0: Swinging Strike
0-1: Ball
1-1: Swinging Strike
1-2: Strikes out looking
Top of the 2nd over - 0 runs, 0 hits, 0 errors, 1 left on base; Reading 0 - San Jose 1
BOTTOM OF THE 2ND
San Jose Giants batting - Pitching for Reading Fightin Phils : RHP Ben Bosley
Batting: LHB Terry Ebersole 0-0: Ball
1-0: Ball
2-0: Ball
3-0: Base on Balls
Batting: RHB Doug Kennie 0-0: Swinging Strike
0-1: Ball
1-1: Foul Ball, location: 2F
1-2: SINGLE (Groundball, P, EV 89.4 MPH) (infield hit)
Terry Ebersole to second
Batting: RHB Jonathan Reece 0-0: Swinging Strike
0-1: Ball
1-1: Foul Ball, location: 2F
1-2: Foul Ball, location: 2F
1-2: Foul Ball, location: 2F
1-2: SINGLE (Line Drive, 9S, EV 93.8 MPH)
Terry Ebersole to third
Doug Kennie to second
Batting: RHB Mike Jones 0-0: Ball
1-0: Called Strike
1-1: Ball
2-1: Foul Ball, location: 2F
2-2: Strikes out swinging
Batting: RHB Tyler Mapes 0-0: Ball
1-0: Foul Ball, location: 2F
1-1: Called Strike
1-2: Strikes out swinging
Batting: RHB Jack Toole 0-0: SINGLE (Groundball, 25, EV 65.0 MPH) (infield hit)
Terry Ebersole scores
Doug Kennie to third
Jonathan Reece to second
Batting: LHB Carey Horncole 0-0: Ball
1-0: Ball
2-0: Foul Ball, location: 2F
2-1: Fly out, F9 (Flyball, 9S, EV 88.8 MPH)
Bottom of the 2nd over - 1 run, 3 hits, 0 errors, 3 left on base; Reading 0 - San Jose 2
TOP OF THE 3RD
Reading Fightin Phils batting - Pitching for San Jose Giants : RHP Evan Boy
Batting: LHB Darrell Ortega 0-0: Called Strike
0-1: Ball
1-1: Swinging Strike
1-2: Ground out 4-3 (Groundball, 4D, EV 92.5 MPH)
Batting: RHB Gary Hills 0-0: Called Strike
0-1: Ball
1-1: Called Strike
1-2: Strikes out looking
Batting: RHB Fletcher Easter 0-0: Foul Ball, location: 2F
0-1: Foul Ball, location: 2F
0-2: Foul Ball, location: 2F
0-2: Ball
1-2: Ball
2-2: Reached on error, E5 (Line Drive, 5, EV 68.1 MPH)
Batting: LHB Danny Hill 0-0: Ball
Fletcher Easter steals 2nd base
1-0: Foul Ball, location: 2F
1-1: 2-RUN HOME RUN (Flyball, 9D, EV 99.4 MPH), Distance : 377 ft
Batting: SHB Lance Franklin 0-0: Called Strike
0-1: Ball
1-1: Foul Ball, location: 2F
1-2: Fly out, F8 (Line Drive, 8LD, EV 86.9 MPH)
Top of the 3rd over - 2 runs, 1 hit, 1 error, 0 left on base; Reading 2 - San Jose 2
BOTTOM OF THE 3RD
San Jose Giants batting - Pitching for Reading Fightin Phils : RHP Ben Bosley
Batting: LHB Tony Galvan 0-0: SINGLE (Groundball, 4, EV 94.4 MPH)
Batting: RHB Yutaka Oki 0-0: Ball
1-0: Called Strike
1-1: Ball
2-1: Called Strike
2-2: Foul Ball, location: 2F
2-2: Foul Ball, location: 2F
2-2: Grounds into double play, 5-4-3 (Groundball, 5, EV 105.0 MPH)
Batting: LHB Terry Ebersole 0-0: Called Strike
0-1: Ball
1-1: Swinging Strike
1-2: Ball
2-2: Fly out, F9 (Flyball, 9LS, EV 96.3 MPH)
Bottom of the 3rd over - 0 runs, 1 hit, 0 errors, 0 left on base; Reading 2 - San Jose 2
TOP OF THE 4TH
Reading Fightin Phils batting - Pitching for San Jose Giants : RHP Evan Boy
Batting: RHB Kory Sanchez 0-0: Fly out, F8 (Flyball, 89M, EV 86.9 MPH)
Batting: LHB Chris Fandino 0-0: Called Strike
0-1: Fly out, F9 (Flyball, 9D, EV 96.3 MPH)
Batting: RHB Austin Wiebe 0-0: Called Strike
0-1: Fly out, F9 (Flyball, 89M, EV 79.4 MPH)
Top of the 4th over - 0 runs, 0 hits, 0 errors, 0 left on base; Reading 2 - San Jose 2
BOTTOM OF THE 4TH
San Jose Giants batting - Pitching for Reading Fightin Phils : RHP Ben Bosley
Batting: RHB Doug Kennie 0-0: Swinging Strike
0-1: Foul Ball, location: 2F
0-2: Strikes out swinging
Batting: RHB Jonathan Reece 0-0: Ball
1-0: Fly out, F6 (Popup, 6M, EV 55.0 MPH)
Batting: RHB Mike Jones 0-0: Called Strike
0-1: Foul Ball, location: 2F
0-2: Strikes out swinging
Bottom of the 4th over - 0 runs, 0 hits, 0 errors, 0 left on base; Reading 2 - San Jose 2
TOP OF THE 5TH
Reading Fightin Phils batting - Pitching for San Jose Giants : RHP Evan Boy
Batting: LHB Michael Tuttle 0-0: Foul Ball, location: 2F
0-1: Swinging Strike
0-2: DOUBLE (Flyball, 89D, EV 100.0 MPH)
Batting: LHB Darrell Ortega 0-0: Ball
1-0: Ball
2-0: Foul Ball, location: 2F
2-1: Ball
3-1: Base on Balls
Batting: RHB Gary Hills 0-0: Ball
1-0: Ball
2-0: Grounds into double play, 4-6-3 (Groundball, 4, EV 101.9 MPH)
Michael Tuttle to third
Batting: RHB Fletcher Easter 0-0: Ball
1-0: Called Strike
1-1: Called Strike
1-2: Foul Ball, location: 2F
1-2: Ground out 6-3 (Groundball, 6, EV 93.1 MPH)
Top of the 5th over - 0 runs, 1 hit, 0 errors, 1 left on base; Reading 2 - San Jose 2
BOTTOM OF THE 5TH
San Jose Giants batting - Pitching for Reading Fightin Phils : RHP Ben Bosley
Batting: RHB Tyler Mapes 0-0: Ball
1-0: Called Strike
1-1: Called Strike
1-2: Fly out, F8 (Flyball, 78D, EV 87.5 MPH)
Batting: RHB Jack Toole 0-0: Ball
1-0: Ground out 6-3 (Groundball, 6, EV 105.6 MPH)
Batting: LHB Carey Horncole 0-0: Foul Ball, location: 2F
0-1: Ball
1-1: Foul Ball, location: 2F
1-2: Foul Ball, location: 2F
1-2: Foul Ball, location: 2F
1-2: Foul Ball, location: 2F
1-2: Ball
2-2: Ball
3-2: Foul Ball, location: 2F
3-2: DOUBLE (Line Drive, 9LS, EV 110.6 MPH)
Batting: LHB Tony Galvan 0-0: Ball
1-0: Foul Ball, location: 2F
1-1: Ball
2-1: Ball
3-1: Foul Ball, location: 2F
3-2: Foul Ball, location: 2F
3-2: Fly out, F9 (Flyball, 9D, EV 86.3 MPH)
Bottom of the 5th over - 0 runs, 1 hit, 0 errors, 1 left on base; Reading 2 - San Jose 2
TOP OF THE 6TH
Reading Fightin Phils batting - Pitching for San Jose Giants : RHP Evan Boy
Batting: LHB Danny Hill 0-0: Ball
1-0: Called Strike
1-1: Ball
2-1: Ball
3-1: Foul Ball, location: 2F
3-2: Base on Balls
Batting: SHB Lance Franklin 0-0: Ball
1-0: Foul Ball, location: 2F
1-1: Foul Ball, location: 2F
1-2: Foul Ball, location: 2F
1-2: Ball
2-2: Strikes out swinging
Batting: RHB Kory Sanchez 0-0: Ball
1-0: Ball
2-0: Grounds into double play, 6-4-3 (Groundball, 6, EV 83.8 MPH)
Top of the 6th over - 0 runs, 0 hits, 0 errors, 0 left on base; Reading 2 - San Jose 2
BOTTOM OF THE 6TH
San Jose Giants batting - Pitching for Reading Fightin Phils : RHP Ben Bosley
Pitching: RHP Bobby Lonergan
Batting: RHB Yutaka Oki 0-0: Ball
1-0: Ball
2-0: Ball
3-0: Called Strike
3-1: Base on Balls
Batting: LHB Terry Ebersole 0-0: Grounds into double play, 5-4-3 (Groundball, 56, EV 89.4 MPH)
Batting: RHB Doug Kennie 0-0: Called Strike
0-1: Ball
1-1: Foul Ball, location: 2F
1-2: Ground out 4-3 (Groundball, 4, EV 76.9 MPH)
Bottom of the 6th over - 0 runs, 0 hits, 0 errors, 0 left on base; Reading 2 - San Jose 2
TOP OF THE 7TH
Reading Fightin Phils batting - Pitching for San Jose Giants : RHP Evan Boy
Batting: LHB Chris Fandino 0-0: Called Strike
0-1: Called Strike
0-2: Ball
1-2: Fly out, F4 (Flyball, 34D, EV 75.0 MPH)
Batting: RHB Austin Wiebe 0-0: Ball
1-0: Ball
2-0: Ball
3-0: Called Strike
3-1: Fly out, F8 (Flyball, 78D, EV 85.6 MPH)
Batting: LHB Michael Tuttle 0-0: Called Strike
0-1: Ball
1-1: Called Strike
1-2: Ball
2-2: Ball
3-2: Strikes out swinging
Top of the 7th over - 0 runs, 0 hits, 0 errors, 0 left on base; Reading 2 - San Jose 2
BOTTOM OF THE 7TH
San Jose Giants batting - Pitching for Reading Fightin Phils : RHP Bobby Lonergan
Batting: RHB Jonathan Reece 0-0: Called Strike
0-1: Ball
1-1: Ball
2-1: Swinging Strike
2-2: Strikes out looking
Batting: RHB Mike Jones 0-0: Ball
1-0: Foul Ball, location: 2F
1-1: Called Strike
1-2: Foul Ball, location: 2F
1-2: SINGLE (Groundball, 4MD, EV 100.6 MPH)
Batting: RHB Tyler Mapes 0-0: Called Strike
0-1: Swinging Strike
0-2: Strikes out swinging
Batting: RHB Jack Toole 0-0: Called Strike
0-1: Ball
1-1: Ball
2-1: Fly out, F2 (Popup, 13S, EV 90.0 MPH)
Bottom of the 7th over - 0 runs, 1 hit, 0 errors, 1 left on base; Reading 2 - San Jose 2
TOP OF THE 8TH
Reading Fightin Phils batting - Pitching for San Jose Giants : RHP Evan Boy
Pitching: LHP Travis Stichter
Pinch Hitting: RHB Zach Downs 0-0: Ball
1-0: Called Strike
1-1: Ball
2-1: Ground out 4-3 (Groundball, 4, EV 80.0 MPH)
Batting: RHB Gary Hills 0-0: Called Strike
0-1: Reached on error, E5 (Groundball, 56, EV 87.5 MPH)
Batting: RHB Fletcher Easter 0-0: SINGLE (Line Drive, 4D, EV 95.0 MPH)
Gary Hills to second
Runner from 2nd tries for 3rd, OUT! 8-5
Batting: LHB Danny Hill 0-0: Ball
1-0: Called Strike
1-1: SINGLE (Groundball, 3D, EV 106.9 MPH)
Fletcher Easter to second
Runner from 2nd tries for 3rd, SAFE, throw by RF made to third
Batting: SHB Lance Franklin 0-0: Called Strike
0-1: Ground out 1-3 (Groundball, 15, EV 74.4 MPH)
Top of the 8th over - 0 runs, 2 hits, 1 error, 2 left on base; Reading 2 - San Jose 2
BOTTOM OF THE 8TH
San Jose Giants batting - Pitching for Reading Fightin Phils : RHP Bobby Lonergan
Pitching: RHP Jaylen Johnson
Now in LF: Jose Fierro
Now in CF: Danny Hill
Batting: LHB Carey Horncole 0-0: Called Strike
0-1: Swinging Strike
0-2: Ball
1-2: Foul Ball, location: 2F
1-2: Ball
2-2: SINGLE (Groundball, 13, EV 88.8 MPH) (infield hit)
Batting: LHB Tony Galvan 0-0: Ball
Carey Horncole is caught stealing 2nd base 2-6
1-0: Called Strike
1-1: Ball
2-1: Foul Ball, location: 2F
2-2: Ball
3-2: Foul Ball, location: 2F
3-2: Base on Balls
Batting: RHB Yutaka Oki 0-0: Ball
Wild Pitch!
Tony Galvan to second
1-0: Called Strike
1-1: Ball
2-1: Fly out, F5 (Line Drive, 5, EV 62.5 MPH)
Batting: LHB Terry Ebersole 0-0: Called Strike
0-1: Called Strike
0-2: Fly out, F9 (Flyball, 9LM, EV 84.4 MPH)
Bottom of the 8th over - 0 runs, 1 hit, 0 errors, 1 left on base; Reading 2 - San Jose 2
TOP OF THE 9TH
Reading Fightin Phils batting - Pitching for San Jose Giants : LHP Travis Stichter
Batting: RHB Kory Sanchez 0-0: Called Strike
0-1: SINGLE (Groundball, 56D, EV 98.8 MPH)
Batting: LHB Chris Fandino 0-0: Called Strike
0-1: Ball
1-1: Ball
2-1: Foul Ball, location: 2F
2-2: Ball
3-2: Fly out, F4 (Line Drive, 4, EV 65.6 MPH)
Lined into DP, 4-3 (Line Drive, 4, EV 63.8 MPH)
Batting: RHB Austin Wiebe 0-0: Ball
1-0: Ball
2-0: Ball
3-0: Called Strike
3-1: Ground out 6-3 (Groundball, 6, EV 78.1 MPH)
Top of the 9th over - 0 runs, 1 hit, 0 errors, 0 left on base; Reading 2 - San Jose 2
BOTTOM OF THE 9TH
San Jose Giants batting - Pitching for Reading Fightin Phils : RHP Jaylen Johnson
Pitching: LHP Josh Turner
Batting: RHB Doug Kennie 0-0: Foul Ball, location: 2F
0-1: Ground out U3 (Groundball, 34, EV 83.1 MPH)
Batting: RHB Jonathan Reece 0-0: Ground out U3 (Groundball, 34, EV 103.8 MPH)
Batting: RHB Mike Jones 0-0: Foul Ball, location: 2F
0-1: Fly out, F4 (Popup, 4D, EV 60.6 MPH)
Bottom of the 9th over - 0 runs, 0 hits, 0 errors, 0 left on base; Reading 2 - San Jose 2
TOP OF THE 10TH
Reading Fightin Phils batting - Pitching for San Jose Giants : LHP Travis Stichter
Batting: RHB Matt Strong 0-0: Called Strike
0-1: Foul Ball, location: 2F
0-2: Ball
1-2: Ball
2-2: Strikes out swinging
Batting: LHB Jose Fierro 0-0: Called Strike
0-1: Called Strike
0-2: Ball
1-2: Foul Ball, location: 2F
1-2: Ball
2-2: Ball
3-2: Strikes out swinging
Pitching: RHP Carlos Heredia
Batting: RHB Gary Hills 0-0: Foul Ball, location: 2F
0-1: Foul Ball, location: 2F
0-2: Ball
1-2: Fly out, F9 (Flyball, 9S, EV 91.3 MPH)
Top of the 10th over - 0 runs, 0 hits, 0 errors, 0 left on base; Reading 2 - San Jose 2
BOTTOM OF THE 10TH
San Jose Giants batting - Pitching for Reading Fightin Phils : LHP Josh Turner
Batting: RHB Tyler Mapes 0-0: Swinging Strike
0-1: Fly out, F7 (Flyball, 7S, EV 92.5 MPH)
Batting: RHB Jack Toole 0-0: Called Strike
0-1: Ball
1-1: Ball
2-1: Ball
3-1: Called Strike
3-2: Foul Ball, location: 2F
3-2: Fly out, F6 (Popup, 6S, EV 72.5 MPH)
Batting: LHB Carey Horncole 0-0: Ball
1-0: Ball
2-0: Called Strike
2-1: Ball
3-1: Base on Balls
Batting: LHB Tony Galvan 0-0: Called Strike
Carey Horncole steals 2nd, throwing error, E2
Carey Horncole to third
0-1: Fly out, F8 (Flyball, 89M, EV 88.1 MPH)
Bottom of the 10th over - 0 runs, 0 hits, 1 error, 1 left on base; Reading 2 - San Jose 2
TOP OF THE 11TH
Reading Fightin Phils batting - Pitching for San Jose Giants : RHP Carlos Heredia
Pitching: RHP Rich Benoit
Batting: RHB Fletcher Easter 0-0: Ball
1-0: Ball
2-0: Ball
3-0: Called Strike
3-1: Base on Balls
Batting: LHB Danny Hill 0-0: Ball
1-0: Foul Ball, location: 2F
1-1: Swinging Strike
1-2: Foul Ball, location: 2F
1-2: Strikes out swinging
Batting: SHB Lance Franklin 0-0: Called Strike
Fletcher Easter steals 2nd base
0-1: Ball
1-1: Intentional Walk
Batting: RHB Kory Sanchez 0-0: Ball
1-0: Called Strike
1-1: Foul Ball, location: 2F
1-2: Strikes out swinging
Batting: LHB Chris Fandino 0-0: Called Strike
0-1: Swinging Strike
0-2: Strikes out swinging
Top of the 11th over - 0 runs, 0 hits, 0 errors, 2 left on base; Reading 2 - San Jose 2
BOTTOM OF THE 11TH
San Jose Giants batting - Pitching for Reading Fightin Phils : LHP Josh Turner
Batting: RHB Yutaka Oki 0-0: Fly out, F8 (Flyball, 8LS, EV 71.9 MPH)
Pinch Hitting: RHB Adam Solesbee 0-0: Ball
1-0: Ball
2-0: Called Strike
2-1: Swinging Strike
2-2: Strikes out swinging
Batting: RHB Doug Kennie 0-0: Ball
1-0: Fly out, F5 (Flyball, 5D, EV 80.6 MPH)
Bottom of the 11th over - 0 runs, 0 hits, 0 errors, 0 left on base; Reading 2 - San Jose 2
TOP OF THE 12TH
Reading Fightin Phils batting - Pitching for San Jose Giants : RHP Rich Benoit
Now at C: Micah McErlean
Batting: RHB Austin Wiebe 0-0: Foul Ball, location: 2F
0-1: Ball
1-1: Foul Ball, location: 2F
1-2: Ball
2-2: Ball
3-2: Base on Balls
Batting: RHB Matt Strong 0-0: Bunt missed!
0-1: Sac Bunt to 13 - play at second, runner OUT! 1-6
Batting: LHB Jose Fierro 0-0: Ball
1-0: Bunted foul
1-1: Ball
2-1: Bunted foul
2-2: Foul Ball, location: 2F
2-2: 2-RUN HOME RUN (Flyball, 9LD, EV 92.5 MPH), Distance : 352 ft
Batting: RHB Gary Hills 0-0: Ball
1-0: Ball
2-0: Foul Ball, location: 2F
2-1: Ground out 6-3 (Groundball, 6, EV 91.9 MPH)
Batting: RHB Fletcher Easter 0-0: Swinging Strike
0-1: Ball
1-1: Ball
2-1: Ground out 5-3 (Groundball, 56, EV 98.1 MPH)
Top of the 12th over - 2 runs, 1 hit, 0 errors, 0 left on base; Reading 4 - San Jose 2
BOTTOM OF THE 12TH
San Jose Giants batting - Pitching for Reading Fightin Phils : LHP Josh Turner
Batting: RHB Jonathan Reece 0-0: Swinging Strike
0-1: Called Strike
0-2: Strikes out looking
Batting: RHB Mike Jones 0-0: Called Strike
0-1: Ball
1-1: Ground out 5-3 (Groundball, 56, EV 86.3 MPH)
Batting: RHB Tyler Mapes 0-0: Ground out 5-3 (Groundball, 56, EV 93.1 MPH)
Bottom of the 12th over - 0 runs, 0 hits, 0 errors, 0 left on base; Reading 4 - San Jose 2
Thursday, March 31st , 2022 - OOTP Baseball 22.12 Build 89